cohdb
Replays
Latest Replays
All Replays
Popular Replays
Top Player Replays
Match Explorer
How It Works
Community
CoH3 Stats
Reddit
Sign in to upload your games and track your stats! →
Sign in with Steam
Match 41909810
Unlisted
Match 41909810
Overview
Messages
Build Orders
End
Kradschützen Motorcycle Team
Panzergrenadier Squad
250 Light Carrier
Construct Light Support Kompanie
Assault Grenadier Squad
2.5-tonne Medical Truck
2.5-tonne Medical Truck
MG34 Team
Fire Support Elements
Pak 38 Mechanized Group
Flakvierling Half-track
MG34 Team
le.IG 18 Mechanized Group
Selects Italian Infantry
Selects Italian Infantry
Selects Defensive Operations
Construct Panzerarmee Kommand
Selects Guastatori Squad
Selects Registered Artillery
Registered Artillery
Selects Towed Cannone da 105/28 Field Howitzer
Towed Cannone da 105/28 Field Howitzer
Registered Artillery
Guastatori Squad
Registered Artillery
MG34 Team
Panzerjäger Mechanized Group
Brother
FR
0
0
Comments
sign in to comment!
No comments posted yet!